 Dungeon Crawl Stone Soup version 0.17-a0-1954-g0dddeaa (webtiles) character file.

4159 Roadrunner the Covert (level 10, 38/42 HPs)
             Began as a Felid Enchanter on Oct 2, 2015.
             Was an Initiate of Dithmenos.
             Quit the game on level 9 of the Dungeon on Oct 3, 2015.
             The game lasted 01:34:01 (13939 turns).

Roadrunner the Covert (Felid Enchanter)            Turns: 13939, Time: 01:34:02

Health: 38/42      AC:  2    Str:  4    XL:     10   Next: 7%
Magic:  12/12      EV: 27    Int: 17    God:    Dithmenos [......]
Gold:   186        SH:  0    Dex: 22    Spells: 5 memorised, 1 level left
                                        Lives:  0   Deaths: 3

rFire  . . .     SeeInvis +       - Unarmed
rCold  . . .     Clarity  .     (armour unavailable)
rNeg   . . .     SustAt   .     (shield unavailable)
rPois  .         Gourm    .     (helmet unavailable)
rElec  .         Spirit   .     (cloak unavailable)
rCorr  .         Warding  .     (gloves unavailable)
rMut   .         Stasis   .     (boots unavailable)
MR     +....                    (no amulet)
Stlth  ++++++....               (no ring)
                                (no ring)

@: quick, somewhat resistant to hostile enchantments, very stealthy
A: no armour, no weapons or thrown items, claws 1, fangs 3, thin skeletal
structure 1, see invisible, carnivore 3, speed 1, low mp 1, shaggy fur 2, slow
metabolism 1, sharp paws
a: Renounce Religion


You were on level 9 of the Dungeon.
You worshipped Dithmenos.
Dithmenos was noncommittal.
You were very full.

You visited 2 branches of the dungeon, and saw 10 of its levels.

You collected 606 gold pieces.
You spent 420 gold pieces at shops.

Inventory:

Scrolls
 f - 2 scrolls of amnesia
Books
 a - a book of Maledictions

   Spells                             Type                      Level
   a - Corona                         Hexes                        1
   b - Ensorcelled Hibernation        Hexes/Ice                    2
   c - Confuse                        Hexes                        3
   d - Tukima's Dance                 Hexes                        3
   e - Dazzling Spray                 Conjuration/Hexes            3
 e - a book of Clouds

   Spells                             Type                      Level
   a - Mephitic Cloud                 Conjuration/Poison/Air       3
   b - Conjure Flame                  Conjuration/Fire             3
   c - Poisonous Cloud                Conjuration/Poison/Air       6
   d - Freezing Cloud                 Conjuration/Ice/Air          6
   e - Ring of Flames                 Charms/Fire                  7
 g - a book of the Tempests

   Spells                             Type                      Level
   a - Static Discharge               Conjuration/Air              3
   b - Lightning Bolt                 Conjuration/Air              5
   c - Fireball                       Conjuration/Fire             5
   d - Tornado                        Air                          9
   e - Shatter                        Earth                        9
 h - a book of Geomancy

   Spells                             Type                      Level
   a - Sandblast                      Earth                        1
   b - Stoneskin                      Transmutation/Earth          2
   c - Passwall                       Transmutation/Earth          3
   d - Stone Arrow                    Conjuration/Earth            3
   e - Petrify                        Transmutation/Earth          4
   f - Lee's Rapid Deconstruction     Earth                        5
Comestibles
 b - 9 meat rations
 c - 8 slices of pizza
 d - 2 beef jerkies


   Skills:
 - Level 4.0 Fighting
 - Level 9.0 Dodging
 - Level 10.3 Stealth
 - Level 6.5 Unarmed Combat
 - Level 2.0 Spellcasting
 - Level 10.0 Hexes
 + Level 6.6 Transmutations
 - Level 5.1 Ice Magic
 + Level 5.8 Earth Magic


You had one spell level left.
You knew the following spells:

 Your Spells              Type           Power        Failure   Level  Hunger
a - Corona                Hex            #####..      1%          1    #......
c - Confuse               Hex            #####...     1%          3    ###....
d - Tukima's Dance        Hex            #####...     1%          3    ###....
i - Ensorcelled Hibernat  Hex/Ice        ####..       1%          2    ###....
w - Passwall              Trmt/Erth      ###.......   6%          3    ###....


Dungeon Overview and Level Annotations

Branches:
Dungeon (9/15)             Temple (1/1) D:7            Lair (0/8) D:9
    Orc: D:9-12

Altars:
Ashenzari
Cheibriados
Dithmenos
Elyvilon
Fedhas
Gozag
Kikubaaqudgha
Makhleb
Nemelex Xobeh
Okawaru
Qazlal
Ru
Sif Muna
Trog
Vehumet
Xom
Yredelemnul
Zin
The Shining One

Shops:
D:4 =   D:5 :*=   D:7 [   D:8 :

Annotations:
D:2 Natasha
D:4 Typee's ghost, average GrEE


Innate Abilities, Weirdness & Mutations

You cannot wear armour.
You are incapable of wielding weapons or throwing items.
You have sharp claws.
You have razor-sharp teeth.
You have supernaturally acute eyesight.
You are carnivorous and can eat meat at any time.
You cover ground quickly.
You are covered in thick fur (AC +2).
You have a slow metabolism.
Your sharp claws are effective at attacking unaware monsters.
You have a somewhat thin skeletal structure (Dex +2, Stealth).
Your magical capacity is low (-10% MP).


Message History

The orc is lightly wounded.
The orc completely misses you.
You claw the orc!
You kill the orc!
You scratch the orc.
You kill the orc!
No target in view!
No target in view!
Items here: ( )))) [[ †††
(D) Dungeon (T) Temple (L) Lair
Where to? (Enter - D:9 @ (x,y), ? - help)
You see here a book of Geomancy.
There is a shadowy altar of Dithmenos here.
You sit before the altar of Dithmenos.
Dithmenos welcomes you!
Saving game... please wait.
Welcome back, Roadrunner the Felid Enchanter.
Dithmenos says: Spread the eternal night.
Press ? for a list of commands and other information.
Are you sure you want to abandon this character and quit the game? (Confirm with "yes".)

##....=.# #.## #.# #..###.##.#
........# #..## #.# #..# #.##.#
........# ###...###.###..# ##8#.#
..##.:### #..........[#..######'#
#.#8..8## #.####.####([(....###.#
#...>...###.##.....##.#..##.#.'.'
##.......##.#....[..#.......###.#
##8..8#.##.#...[)))#[)....##_'.'
##..##........@÷..).......###.#
#.######..#.......#...#.###.'.'
#.# #..#.......#...#.# ###)# #
#.# #..##.....##..##.# #.'.' #
#.# #..####.####..##.# ###.# #
#.# #..........†..##.# #.'.' #
#.# #.#...##.#######.# ###.# #
#.# #.###.##.# #.# #.'.' # #.#
#.# #.##.# #.# #####


There were no monsters in sight!

Vanquished Creatures
  A hydra (D:8)
  Maurice (D:9)
  A troll (D:9)
  A wraith (D:9)
  6 yaks
  A hippogriff (D:9)
  Edmund (D:6)
  4 orc warriors
  Duvessa (D:4)
  A necrophage (D:5)
  2 sky beasts (D:7)
  2 ice beasts
  5 ogres
  3 phantoms
  A centaur (D:8)
  A crocodile (D:8)
  4 giant frogs
  4 big kobolds
  Dowan (D:4)
  A scorpion (D:6)
  16 killer bees
  6 wights
  A crimson imp (D:9)
  2 giant frog zombies
  A jelly (D:7)
  4 orc priests
  3 giant frog skeletons
  2 iguanas
  3 human zombies (D:9)
  6 orc wizards
  9 gnoll shamans
  5 hounds
  Natasha (D:2)
  4 human skeletons (D:9)
  8 worker ants
  A killer bee zombie (D:7)
  2 sheep (D:8)
  A hound zombie (D:6)
  A mummy (D:9)
  2 hound skeletons (D:4)
  A worker ant zombie (D:7)
  Robin (D:3)
  15 adders
  34 gnolls
  2 shadow imps
  2 oozes
  An adder zombie (D:6)
  2 adder skeletons
  3 worms (D:2)
  3 giant geckos
  40 orcs
  11 bats
  9 giant cockroaches
  22 goblins
  17 hobgoblins
  26 jackals
  11 kobolds
  8 quokkas
  4 ball pythons
  A giant gecko skeleton (D:7)
  6 giant newts
  2 jackal skeletons
  An orc skeleton (D:9)
  2 quokka skeletons
  A quokka zombie (D:9)
  9 rats
354 creatures vanquished.

Vanquished Creatures (collateral kills)
  Erica (D:9)
  A deep elf mage (D:9)
  2 orc warriors
  2 ogres
  A wight (D:8)
  A worker ant (D:9)
  4 gnolls
  An orc (D:9)
  A giant cockroach (D:4)
14 creatures vanquished.

Vanquished Creatures (others)
  An orc (D:9)
1 creature vanquished.

Grand Total: 369 creatures vanquished

Notes
Turn   | Place    | Note
--------------------------------------------------------------
     0 | D:1      | Roadrunner the Felid Enchanter began the quest for the Orb.
     0 | D:1      | Reached XP level 1. HP: 7/7 MP: 4/4
   318 | D:1      | Reached XP level 2. HP: 6/11 MP: 4/6
  1042 | D:1      | Learned a level 2 spell: Ensorcelled Hibernation
  1120 | D:1      | Reached skill level 5 in Stealth
  1143 | D:2      | Reached XP level 3. HP: 14/14 MP: 4/7
  1227 | D:2      | Reached skill level 5 in Hexes
  1618 | D:2      | Found an iron altar of Okawaru.
  1676 | D:2      | Noticed Natasha
  1704 | D:2      | Killed Natasha
  1704 | D:2      | Reached XP level 4. HP: 6/18 MP: 1/8
  2012 | D:2      | Noticed Natasha
  2266 | D:2      | Killed from afar by Natasha
  2267 | D:2      | Reached XP level 3. HP: -7/14 MP: 7/7
  2350 | D:3      | Noticed Robin
  2450 | D:3      | Learned a level 3 spell: Confuse
  2540 | D:3      | Reached XP level 4. HP: 18/18 MP: 5/8
  3599 | D:3      | Killed Robin
  3599 | D:3      | Reached XP level 5. HP: 21/21 MP: 0/9
  3745 | D:4      | Noticed a phantom
  3749 | D:4      | Noticed an ogre
  3763 | D:3      | Killed a phantom
  3763 | D:3      | Reached skill level 6 in Stealth
  4138 | D:4      | Noticed Typee's ghost (average GrEE)
  4288 | D:4      | Gained mutation: You are covered in thick fur (AC +2). [Felid growth]
  4288 | D:4      | Reached XP level 6. HP: 24/24 MP: 6/10
  4331 | D:4      | Found Ima Zyti's Jewellery Shop.
  4367 | D:4      | Noticed an orc warrior
  4504 | D:4      | Reached skill level 5 in Dodging
  4806 | D:4      | Learned a level 3 spell: Tukima's Dance
  4816 | D:4      | Killed an orc warrior
  5251 | D:4      | Noticed Dowan
  5252 | D:4      | Noticed Duvessa
  5262 | D:4      | Killed Duvessa
  5262 | D:4      | Reached skill level 7 in Stealth
  5262 | D:4      | Reached XP level 7. HP: 23/27 MP: 3/11
  5272 | D:4      | Killed Dowan
  5658 | D:5      | Entered Level 5 of the Dungeon
  5668 | D:5      | Found Faraloa's General Store.
  5674 | D:5      | Found Ceash's Book Boutique.
  6347 | D:5      | Reached skill level 8 in Stealth
  6347 | D:5      | Reached XP level 8. HP: 26/31 MP: 9/12
  6443 | D:4      | Killed an ogre
  6628 | D:5      | Reached skill level 5 in Unarmed Combat
  6737 | D:5      | Found Lyonir's Jewellery Boutique.
  6993 | D:6      | Found a bloodstained altar of Trog.
  7019 | D:6      | Noticed Edmund
  7227 | D:6      | Reached skill level 9 in Stealth
  7279 | D:6      | Found a deep blue altar of Sif Muna.
  7285 | D:6      | Found a shattered altar of Ashenzari.
  7640 | D:6      | Reached XP level 9. HP: 21/34 MP: 7/13
  7822 | D:6      | Killed Edmund
  7822 | D:6      | Reached skill level 1 in Fighting
  7822 | D:6      | Reached skill level 1 in Ice Magic
  9543 | D:7      | Found a radiant altar of Vehumet.
  9554 | D:7      | Found a staircase to the Ecumenical Temple.
  9563 | Temple   | Entered the Ecumenical Temple
 10341 | D:7      | Reached skill level 10 in Stealth
 10390 | D:6      | HP: 1/38 [poisoned by a killer bee]
 10393 | D:6      | Succumbed to a killer bee's poison
 10394 | D:6      | Reached XP level 8. HP: 0/34 MP: 3/12
 10420 | D:7      | Reached skill level 10 in Hexes
 10497 | D:7      | Found Zearr's Armour Shoppe.
 10656 | D:7      | Reached XP level 9. HP: 37/39 MP: 10/13
 10986 | D:8      | Found a sacrificial altar of Ru.
 10996 | D:8      | Found a white marble altar of Elyvilon.
 11038 | D:8      | Found Zalagy's Book Boutique.
 11053 | D:8      | Bought a book of Geomancy for 420 gold pieces
 11057 | D:8      | Learned a level 3 spell: Passwall
 11291 | D:8      | Reached skill level 1 in Earth Magic
 11298 | D:8      | Reached skill level 1 in Transmutations
 11584 | D:8      | Noticed a three-headed hydra
 11588 | D:8      | Killed a three-headed hydra
 11688 | D:8      | Reached skill level 5 in Ice Magic
 11889 | D:8      | Reached XP level 10. HP: 20/42 MP: 1/14
 12256 | D:9      | Found a burning altar of Makhleb.
 12267 | D:9      | Gained mutation: Your magical capacity is low (-10% MP). [potion of mutation]
 12267 | D:9      | Gained mutation: You have a somewhat thin skeletal structure (Dex +2, Stealth). [potion of mutation]
 12275 | D:9      | Noticed Maurice
 12335 | D:9      | Reached skill level 5 in Transmutations
 12717 | D:9      | Noticed Erica
 12726 | D:9      | Killed Erica
 12874 | D:9      | Reached skill level 5 in Earth Magic
 12955 | D:9      | HP: 2/42 [deep elf mage/fireball (25)]
 12957 | D:9      | Killed from afar by a deep elf mage
 12958 | D:9      | Reached XP level 9. HP: -24/39 MP: 9/11
 13000 | D:9      | Found an opulent altar of Gozag.
 13170 | D:9      | Found a shadowy altar of Dithmenos.
 13387 | D:9      | Found a staircase to the Lair.
 13480 | D:9      | Found an ancient bone altar of Kikubaaqudgha.
 13662 | D:9      | Killed Maurice
 13662 | D:9      | Reached XP level 10. HP: 40/42 MP: 1/12
 13938 | D:9      | Became a worshipper of Dithmenos the Shadowed
 13939 | D:9      | Upgraded the game from 0.17-a0-1951-g62301d3 to 0.17-a0-1954-g0dddeaa
 13939 | D:9      | Quit the game

Vault maps used:
D:1:      onia_arrival_pentagram
D:2:      okawaru_ov_weapons_minmay, uniq_natasha
D:3:      wad_river_or_something, first_bread, uniq_robin
D:4:      serial_shops, shop, hex_tiny, uniq_duvessa
D:5:      serial_shops, nicolae_shop_stone,
          nicolae_shop_competitors_out_of_business, shop
D:6:      lemuel_castle_with_subvaults, kennysheep_mini, lemuel_crystal_altar,
          cheibrodos_ashenzari_chains, uniq_edmund
D:7:      old_standard_altar, minmay_temple_entry_mist, serial_shops,
          nicolae_shop_crystal
D:8:      kennysheep_mini_moat, elyvilon_altar_4, serial_shops,
          nicolae_shop_trees, hangedman_ranch, due_unseen_surprise
D:9:      bloody_makhleb, kennysheep_little_box, old_standard_altar,
          lemuel_mausoleum_altar_kikubaaqudgha, st_stairs_6, uniq_erica,
          uniq_maurice
Temple:   circular_temple_pool_8

Action                   |  1- 3 |  4- 6 |  7- 9 | 10-12 || total
-------------------------+-------+-------+-------+-------++-------
Melee: Unarmed           |   102 |   150 |   420 |    89 ||   761
 Cast: Corona            |    23 |    18 |     9 |     1 ||    51
       Ensorcelled Hiber |    14 |    38 |   149 |    20 ||   221
       Confuse           |       |    10 |    21 |     5 ||    36
       Tukima's Dance    |       |     2 |    19 |     3 ||    24
       Passwall          |       |       |     2 |       ||     2
  Use: Scroll            |     8 |     1 |     7 |     1 ||    17
       Potion            |     4 |     3 |     2 |     1 ||    10
 Stab: Sleeping          |    27 |    46 |   120 |    16 ||   209
       Distracted        |       |     2 |     6 |       ||     8
       Confused          |       |     6 |    11 |     1 ||    18
  Eat: Chunk             |    16 |    10 |    37 |     4 ||    67
